 Dungeon Crawl Stone Soup version 0.31.0-9-g3a7656b989 (webtiles) character file.

Game seed: 14992640306678157368

23 SnakkuSnakku7 the Sneak (level 3, 0/29 HPs)
             Began as a Formicid Delver on Jan 25, 2024.
             Succumbed to an adder's poison
             ... in a sewer.
             The game lasted 00:01:52 (482 turns).

SnakkuSnakku7 the Sneak (Formicid Delver)            Turns: 482, Time: 00:01:52

Health: 0/29       AC:  4    Str: 18    XL:     3   Next: 12%
Magic:  3/3        EV: 12    Int:  9    God:
Gold:   0          SH:  0    Dex: 15    Spells: 2/2 levels left

rFire   . . .        a - +0 mace
rCold   . . .        (no shield)
rNeg    . . .        b - +0 leather armour
rPois   .            (helmet unavailable)
rElec   .            (no cloak)
rCorr   .            (no gloves)
SInv    +            k - +0 pair of boots
Will    .....        (no amulet)
Stlth   +++          (no ring)
HPRegen 0.24/turn    (no ring)
MPRegen 0.08/turn

%: no passive effects
@: lethally poisoned (0 -> -2), invisible
A: permanent stasis, dig shafts and tunnels, antennae 3, four strong arms
a: Dig


You were in a sewer.
You visited 1 branch of the dungeon, and saw 3 of its levels.
You also visited: Sewer.

Inventory:

Hand Weapons
 a - a +0 mace (weapon)
Armour
 b - a +0 leather armour (worn)
 k - a +0 pair of boots (worn)
Wands
 f - a wand of digging (3)
 j - a wand of polymorph (6)
Scrolls
 c - a scroll of fog
 d - a scroll of revelation
 e - 2 scrolls of fear
 g - a scroll of silence {unknown}
 h - a scroll of amnesia {unknown}


   Skills:
 - Level 3.2 Fighting
 + Level 3.3 Maces & Flails
 - Level 1.7 Dodging
 - Level 6.0 Stealth


You had 2 spell levels left.
You didn't know any spells.
Your spell library was empty.

Dungeon Overview and Level Annotations

Branches:
Dungeon (6/15)              Sewer (1/1)
 Temple: D:4-7

Altars:


Innate Abilities, Weirdness & Mutations

You cannot be hasted, slowed, berserked, paralysed or teleported.
You can dig through walls and to a lower floor.
You have a pair of large antennae on your head. (SInv)
Your four strong arms can wield two-handed weapons with a shield.


Message History

The adder bites you but does no damage.
You barely miss the adder.
The adder is almost dead.
You feel sick. The adder bites you but does no damage.
The giant cockroach barely misses you. The adder closely misses you.
The giant cockroach misses you.
You barely miss the adder.
The adder is almost dead.
You feel sick. The adder closely misses you. The giant cockroach bites you.
You barely miss the adder.
The adder is severely wounded.
You feel sick. The adder bites you.
* * * LOW HITPOINT WARNING * * *
The giant cockroach closely misses you. The adder bites you.
* * * LOW HITPOINT WARNING * * *
The giant cockroach barely misses you.
You hit the adder but do no damage.
The adder is severely wounded.
You feel sick.
You are no longer poisoned.
The adder misses you. The giant cockroach barely misses you.
The adder bites you but does no damage.
Unknown command.
You barely miss the adder.
The adder is severely wounded.
The giant cockroach completely misses you.
The adder bites you.
* * * LOW HITPOINT WARNING * * *
You are lethally poisoned!
The adder poisons you! The giant cockroach misses you.
It was a potion of invisibility.
You fade into invisibility!
* * * LOW HITPOINT WARNING * * *
You feel sick. The adder closely misses you.
The giant cockroach closely misses you. The adder closely misses you.
Unknown command.
You catch the helpless adder completely off-guard!
You thump the adder!
You kill the adder!
You die...

#### .~~## .~.#
...# #.~# #..#
#~.#
###########~.# {
#~.~...~@B..~# {
#...~~~.~~...#
#~.###########
#..# ####### #~~#
#≈≈≈≈≈#
#~.#########≈.∩.≈#
#~..~...~..~~~~.≈#
#.......~~~~...~≈#
############≈.∩.≈#


You could see a giant cockroach (unable to see you).

Vanquished Creatures
  An adder (Sewer)
  2 ufetubi
  2 endoplasms (Sewer)
  2 giant cockroaches
  A hobgoblin (D:4)
  2 ball pythons (D:4)
  A bat (Sewer)
  3 frilled lizards
  2 rats
16 creatures vanquished.

Notes
Turn   | Place    | Note
-------+----------+-------------------------------------------
     0 | D:5      | SnakkuSnakku7 the Formicid Delver began the quest for the
                  | Orb.
     0 | D:5      | Reached XP level 1. HP: 18/18 MP: 1/1
   197 | D:5      | Reached XP level 2. HP: 18/24 MP: 2/2
   333 | D:4      | Found a glowing drain.
   337 | Sewer    | Entered a sewer
   374 | Sewer    | Reached XP level 3. HP: 29/29 MP: 3/3
   482 | Sewer    | Succumbed to an adder's poison

Illustrated notes

Levels and vault maps discovered:
D:4:      layout_rooms, mainiacjoe_sewer_entry_somewhere_in_here_2
D:5:      layout_gridville, mainiacjoe_overflow_six_doors_small,
          minmay_temple_entry_junction, ebering_ghost_sewer_d
D:6:      layout_loops_ring, grunt_gozag_statues,
          nicolae_overflow_hidden_temple, ebering_ghost_reflecting_pool,
          lightli_orcish_oven
Sewer:    sewer_hellmonk_slimy_pipes

Skill      XL: |  1  2 |
---------------+-------+-----
Maces & Flails | 3 |  3.3
Fighting       | |  3.2
Dodging        | |  1.7
Stealth        | |  6.0

Action                     || total
---------------------------++-------
  Melee: Mace              ||    67
  Evoke: Wand              ||     1
    Use: Potion            ||     1
   Stab: Invisible         ||     1
 Armour: Leather armour    ||    64
  Dodge: Dodged            ||    91
